 Dungeon Crawl Stone Soup version 0.31.0-7-gf635a9b802 (webtiles) character file.

Game seed: 2650872346158378285

104409 Zeor the Thaumaturge (level 15, -6/122 HPs)
             Began as a Demonspawn Alchemist on Jan 22, 2024.
             Was a High Priest of Vehumet.
             Killed from afar by a salamander tyrant (16 damage)
             ... with a flame surge
             ... on level 1 of the Snake Pit on Jan 23, 2024.
             The game lasted 02:47:10 (22712 turns).

Zeor the Thaumaturge (Demonspawn Alchemist)        Turns: 22712, Time: 02:47:10

Health: -6/122     AC: 14    Str: 12    XL:     15   Next: 91%
Magic:  33/41      EV: 15    Int: 21    God:    Vehumet [*****.]
Gold:   1035       SH:  0    Dex: 26    Spells: 3/41 levels left

rFire   + . .        b - +12 long sword of the Six Invaders {elec, rElec Stlth+}
rCold   . . .        (no shield)
rNeg    . . .        d - +0 robe "Ovoshruiska" {rPois}
rPois   +            X - +1 hat {Stlth+}
rElec   +            j - +2 cloak
rCorr   .            t - +1 pair of gloves
SInv    .            H - +2 pair of boots of Understanding {Str+3 Dex+3}
Will    +....        g - amulet of magic regeneration
Stlth   +++++++      h - +6 ring of dexterity
HPRegen 0.40/turn    J - ring of Nicwein {Fly rF+ MP+9 Dex+2}
MPRegen 0.67/turn

%: no passive effects
@: about to teleport, weakened, vertiginous, flying
A: antennae 1, yellow scales 2, icemail 2, condensation shield, demonic magic 2
a: Renounce Religion


You were on level 1 of the Snake Pit.
You worshipped Vehumet.
Vehumet was extremely pleased with you.
You visited 5 branches of the dungeon, and saw 24 of its levels.
You also visited: Sewer.

You collected 2380 gold pieces.
You spent 1345 gold pieces at shops.

Inventory:

Hand Weapons
 a - a +8 vampiric dagger
 b - the +12 long sword of the Six Invaders (weapon) {elec, rElec Stlth+}
   (You found it on level 4 of the Lair of Beasts)

   rElec:     It insulates you from electricity.
   Stlth+:    It makes you more stealthy.
Missiles
 T - 6 curare-tipped darts
Armour
 d - the +0 robe "Ovoshruiska" (worn) {rPois}
   (You bought it in a shop on level 1 of the Snake Pit)

   rPois:     It protects you from poison
 j - a +2 cloak (worn)
 t - a +1 pair of gloves (worn)
 x - the +1 robe of the Oni {-Tele rPois rC+++ Int-5}
   (You bought it in a shop on level 2 of the Orcish Mines)

   Int-5:     It affects your intelligence (-5).
   rC+++:     It renders you almost immune to cold.
   rPois:     It protects you from poison -Tele: It prevents most forms of
   teleportation.
 H - the +2 pair of boots of Understanding (worn) {Str+3 Dex+3}
   (You found it on level 8 of the Dungeon)

   Str+3:     It affects your strength (+3).
   Dex+3:     It affects your dexterity (+3).
 X - a +1 hat of stealth (worn)
 Z - a +2 robe of willpower
Magical Staves
 N - a staff of fire
Jewellery
 g - an amulet of magic regeneration (around neck)
 h - a +6 ring of dexterity (left hand)
 r - a ring of positive energy
 w - a ring of see invisible
 J - the ring of Nicwein (right hand) {Fly rF+ MP+9 Dex+2}
   (You bought it in a shop on level 3 of the Dungeon)

   [ring of magical power]

   Dex+2:     It affects your dexterity (+2).
   rF+:       It protects you from fire.
   MP+9:      It affects your magic capacity (+9).
   Fly:       It grants you flight.
 M - a ring of resist corrosion
Wands
 i - a wand of polymorph (20)
 p - a wand of iceblast (14)
 K - a wand of charming (18)
 L - a wand of light (34)
Scrolls
 e - 2 scrolls of fog
 f - 5 scrolls of poison
 k - 2 scrolls of identify
 n - 6 scrolls of teleportation
 o - 3 scrolls of blinking
 u - 3 scrolls of fear
 y - 3 scrolls of enchant weapon
 I - 2 scrolls of revelation
 O - 7 scrolls of vulnerability
 P - 2 scrolls of silence
 Q - a scroll of enchant armour
 R - a scroll of immolation
 S - a scroll of brand weapon
 U - 4 scrolls of amnesia
 Y - a scroll of butterflies
Potions
 c - 14 potions of curing
 m - 4 potions of magic
 q - 2 potions of enlightenment
 s - 2 potions of haste
 v - 3 potions of resistance
 z - 6 potions of mutation
 A - 4 potions of might
 B - 3 potions of cancellation
 C - a potion of invisibility
 D - 3 potions of heal wounds
 F - 4 potions of attraction
 G - 2 potions of ambrosia
 V - 2 potions of brilliance
 W - a potion of lignification
Miscellaneous
 l - a condenser vane


   Skills:
 * Level 12.5 Fighting
 + Level 5.7(6.7) Short Blades
 * Level 5.3(6.5) Long Blades
 + Level 2.4 Armour
 * Level 8.5 Dodging
 - Level 10.0 Stealth
 + Level 2.6 Shields
 + Level 13.9 Spellcasting
 + Level 4.4 Conjurations
 + Level 3.8 Fire Magic
 + Level 4.2 Ice Magic
 + Level 4.3 Air Magic
 + Level 12.1 Alchemy
 + Level 0.4 Evocations


You had 3 spell levels left.
You knew the following spells:

 Your Spells              Type           Power      Damage    Failure   Level
a - Alistair's Intoxicat  Alch           40%        N/A       3%          5
b - Eringya's Noxious Bo  Alch           30%        4d6       3%          6
c - Mephitic Cloud        Conj/Alch/Air  43%        N/A       1%          3
f - Sticky Flame          Fire/Alch      48%        2d9       1%          4
h - Hailstorm             Conj/Ice       32%        3d8       1%          3
i - Ignite Poison         Fire/Alch      48%        N/A       1%          4
m - Momentum Strike       Conj/Tloc      46%        3d9       1%          2
r - Olgreb's Toxic Radia  Alch           60%        N/A       1%          4
s - Sting                 Conj/Alch      100%       1d9       1%          1
v - Mercury Vapours       Alch/Air       98%        N/A       1%          2
A - Apportation           Tloc           28%        N/A       10%         1
R - Frozen Ramparts       Ice            64%        1d10      1%          3

Your spell library contained the following spells:

 Spells                   Type           Power      Damage    Failure   Level
 Arcjolt                  Conj/Air       16%        1d26      10%         5
 Ensorcelled Hibernation  Hex/Ice        46%        N/A       7%          2
 Summon Ice Beast         Ice/Summ       23%        N/A       12%         3
 Jinxbite                 Hex            28%        N/A       14%         2
 Fugue of the Fallen      Necr           14%        N/A       24%         3
 Summon Lightning Spire   Summ/Air       23%        N/A       32%         4
 Lee's Rapid Deconstruct  Erth           7%         3d6*      41%         5
 Anguish                  Hex/Necr       7%         N/A       56%         4
 Animate Armour           Summ/Erth      28%        N/A       56%         4
 Cause Fear               Hex            7%         N/A       56%         4
 Summon Mana Viper        Hex/Summ       14%        N/A       87%         5
 Enfeeble                 Hex            7%         N/A       100%        7
 Monstrous Menagerie      Summ           7%         N/A       100%        7
 Ignition                 Fire           15%        3d6       100%        8


Dungeon Overview and Level Annotations

Branches:
Dungeon (15/15)            Temple (1/1) D:7            Lair (5/5) D:11
  Swamp (0/4) Lair:3        Snake (1/4) Lair:3        Slime (0/5) Lair:4
    Orc (2/2) D:11            Elf (0/3) Orc:2        Depths (0/4) D:15
  Sewer (visited)
 Vaults: D:13-14

Altars:
Ashenzari
Cheibriados
Dithmenos
Fedhas
Gozag
Hepliaklqana
Kikubaaqudgha
Makhleb
Nemelex Xobeh
Okawaru
Qazlal
Ru
Sif Muna
Trog
Uskayaw
Vehumet
Wu Jian
Xom
Yredelemnul
Jiyva

Shops:
D:3 =   D:12 (   Orc:2 [?[[   Snake:1 *[([

Annotations:
D:4 3 runed translucent doors, zazu2006's ghost, amateur GnWn
D:11 3 runed translucent doors, VoidStrider's ghost, journeyman TeAE
D:12 exclusion: 4 doors
Lair:5 exclusion: obsidian statue


Innate Abilities, Weirdness & Mutations

You have a pair of small antennae on your head.
You are mostly covered in yellow scales. (AC +3)
A meltable icy envelope protects you from harm. (AC +0)
A meltable shield of frost defends you. (SH +0)
Spells you cast may paralyse nearby enemies.


Message History

You feel as though you will be weak longer.
The helpless salamander mystic fails to defend itself.
You slash the salamander mystic!
Lightning courses through the salamander mystic!
The salamander mystic is almost dead.
The salamander tyrant is poisoned.
The salamander mystic looks as sick as possible!
You kill the salamander mystic!
Vehumet accepts your kill.
You feel your power returning.
Your noxious spew wanes.
The salamander mystic is frozen!
The wall freezes the salamander mystic!
The salamander mystic gestures at you while chanting.
The lance of force hits you!!
* * * LOW HITPOINT WARNING * * *
The frozen ramparts melt away as you move.
You are knocked back by the lance of force.
Casting: Ignite Poison (safe; 1% risk of failure)
Confirm with . or Enter, or press ? or * to list all spells.
Casting: Alistair's Intoxication (mildly dangerous; 1% risk of failure)
Press: ? - help, Dir - look around, f - activate You attempt to intoxicate your foes!
The salamander mystic looks rather confused. x2
The world spins around you! Malevolent energies surge around you.
The salamander mystic looks as sick as possible!
The salamander tyrant looks as sick as possible!
The salamander mystic looks as sick as possible!
The salamander tyrant calls gouts of flame from the lava!
The flame surge hits you!! You resist.
* * * LOW HITPOINT WARNING * * *
As you read the scroll of fog, it dissolves into smoke.
Your toxic aura wanes.
As you read the scroll of teleportation, it crumbles to dust.
You feel strangely unstable. Vehumet accepts your kill.
You feel your power returning.
You feel a bit more experienced.
The salamander tyrant calls gouts of flame from the lava!
The flame surge hits you! You resist.
You die...

∙∙∙∙∙∙∙∙∙▒ ▒▒▒▒▒
∙∙▒∙∙▒▒▒'''▒▒
▒%∙∙▒▒▒∙∙∙∙∙▒▒ ∙▒
∙∙∙▒ ▒∙∙▒≈▒#∙▒▒
∙▒▒∙∙▒ ▒∙∙▒≈≈≈▒∙∙▒▒
∙∙∙∙∙▒▒≈∙∙#≈#≈#∙∙≈▒
▒∙▒ ∙▒▒▒∙∙▒≈≈#▒∙∙▒▒
∙∙▒▒∙▒▒≈∙∙∙▒≈▒####▒
▒∙∙▒∙▒▒▒∙∙∙∙∙∙##6▒▒
▒†∙∙∙▒ ≈∙∙▒≈▒≈▒###▒
∙∙∙∙∙▒ ▒∙▒≈▒▒▒≈▒N▒▒
∙▒▒∙∙▒ ≈▒ ▒▒###▒
∙▒▒∙∙▒ ▒▒#▒▒ ∙▒▒∙∙▒
▒≈∙≈▒ ∙▒▒∙∙▒ ▒▒∙▒▒
▒▒▒▒∙▒ ▒#▒▒NN≈▒ ▒
▒∙▒ ∙≈#∙≈≈∙#▒▒


You could see a salamander tyrant (fast, extremely poisoned).

Vanquished Creatures
  Gastronok (Lair:3)
  Kirke (D:13)
  3 dire elephants (Lair:5)
  An eleionoma (Lair:3)
  Josephine (Orc:2)
  A rakshasa (D:15)
  A catoblepas (Lair:4)
  5 hydras
  Erolcha (D:13)
  Erica (D:8)
  5 boulder beetles
  4 two-headed ogres
  3 centaur warriors
  A death knight (D:14)
  3 anacondas (Snake:1)
  4 tengu warriors
  8 death yaks
  3 orc high priests (Orc:2)
  A naga warrior (Snake:1)
  An occultist (D:15)
  2 shock serpents (Snake:1)
  A deep elf knight (D:13)
  A spectral death yak (Lair:5)
  A fire crab (shapeshifter) (D:15)
  3 salamander mystics (Snake:1)
  4 skysharks
  2 skeletal warriors (D:13)
  A spectral anaconda (Lair:5)
  3 mana vipers (Snake:1)
  A naga ritualist (Snake:1)
  A lindwurm (Lair:4)
  4 necromancers (Lair:5)
  11 ugly things
  5 orc knights (Orc:2)
  A wolf spider zombie (D:15)
  4 salamanders
  3 cyclopes
  6 orc sorcerers
  Maurice (D:7)
  6 kobold blastminers
  4 manticores
  20 elephants
  2 naga magi
  9 black mambas
  A guardian serpent (shapeshifter) (D:15)
  A centaur skeleton (D:15)
  A gargoyle (D:11)
  A torpor snail (Lair:5)
  8 cane toads
  2 unseen horrors
  A kobold demonologist (D:10)
  A yaktaur (D:15)
  11 komodo dragons
  A freezing wraith (D:15)
  An efreet (D:14)
  6 trolls
  2 polar bears (Lair:5)
  10 blink frogs
  4 dream sheep (Lair:3)
  13 slime creatures
  2 shadows
  51 yaks
  9 wyverns
  3 hogs (D:13)
  4 wraiths
  2 basilisks
  A warg (Orc:1)
  2 steam dragons
  7 vampire mosquitoes
  A death yak simulacrum (Lair:5)
  Menkaure (D:7)
  9 nagas
  Duvessa (D:4)
  14 water moccasins
  3 black bears
  9 orc warriors
  7 centaurs
  A sky beast (D:8)
  6 wolves (Lair:4)
  10 ogres
  5 kobold brigands
  17 bullfrogs
  4 gnoll sergeants
  2 cane toad simulacra (Lair:5)
  4 scorpions
  6 wights
  Dowan (D:4)
  4 killer bees (D:7)
  6 electric eels
  7 howler monkeys
  6 jellies
  A bombardier beetle (D:6)
  22 orc priests
  Ijyb (D:3)
  6 iguanas
  31 orc wizards
  3 sleepcaps (D:5)
  A boggart skeleton (D:15)
  11 gnolls
  2 river rats (Sewer)
  3 adders
  4 ufetubi
  5 dart slugs
  4 ribbon worms
  70 orcs
  2 bats (D:2)
  9 endoplasms
  4 giant cockroaches
  8 goblins
  6 hobgoblins
  9 jackals
  8 quokkas
  10 ball pythons
  6 frilled lizards
  24 kobolds
  8 rats
  A butterfly (Lair:1)
673 creatures vanquished.

Vanquished Creatures (collateral kills)
  3 wights (D:10)
  An orc wizard (D:10)
4 creatures vanquished.

Vanquished Creatures (others)
  A human (D:13)
1 creature vanquished.

Grand Total: 678 creatures vanquished

Notes
Turn   | Place    | Note
-------+----------+-------------------------------------------
     0 | D:1      | Zeor the Demonspawn Alchemist began the quest for the Orb.
     0 | D:1      | Reached XP level 1. HP: 13/13 MP: 3/3
   254 | D:1      | Gained mutation: A meltable shield of frost defends you.
                  | (SH +0) [demonic ancestry]
   254 | D:1      | Reached XP level 2. HP: 16/20 MP: 1/5
   341 | D:1      | Learned a level 2 spell: Mercury Vapours
   436 | D:1      | Reached skill level 1 in Fighting
   894 | D:1      | Gained mutation: A meltable icy envelope protects you from
                  | harm. (AC +0) [demonic ancestry]
   894 | D:1      | Reached XP level 3. HP: 25/26 MP: 2/6
   898 | D:1      | Learned a level 3 spell: Mephitic Cloud
  1357 | D:2      | Found a faded altar of an unknown god.
  2158 | D:3      | Gained mutation: You are partially covered in yellow
                  | scales. (AC +2) [demonic ancestry]
  2158 | D:3      | Reached XP level 4. HP: 32/32 MP: 0/7
  2429 | D:3      | Noticed Ijyb
  2503 | D:3      | Gained mutation: A meltable icy envelope protects you from
                  | harm. (AC +0) [demonic ancestry]
  2503 | D:3      | Reached XP level 5. HP: 24/37 MP: 3/9
  2617 | D:3      | Found Ceuq's One-of-a-Kind Rings.
  2631 | D:3      | Reached skill level 3 in Spellcasting
  2692 | D:3      | Killed Ijyb
  2774 | D:3      | Learned a level 4 spell: Olgreb's Toxic Radiance
  3244 | D:4      | Noticed zazu2006's ghost (amateur GnWn)
  3252 | D:4      | Found a runed translucent gate.
  3252 | D:4      | Found a runed translucent gate.
  3252 | D:4      | Found a runed translucent gate.
  3288 | D:4      | Noticed Duvessa
  3288 | D:4      | Noticed Dowan
  3362 | D:4      | Killed Dowan
  3363 | D:4      | Reached skill level 1 in Short Blades
  3363 | D:4      | Reached XP level 6. HP: 44/44 MP: 8/11
  3397 | D:4      | Killed Duvessa
  3510 | D:4      | Reached skill level 1 in Armour
  3513 | D:4      | Noticed an orc warrior
  3534 | D:4      | Killed an orc warrior
  3535 | D:4      | Reached skill level 1 in Air Magic
  3535 | D:4      | Gained mutation: You are mostly covered in yellow scales.
                  | (AC +3) [demonic ancestry]
  3535 | D:4      | Reached XP level 7. HP: 43/51 MP: 7/12
  3588 | D:4      | Reached skill level 4 in Spellcasting
  3796 | D:5      | Entered Level 5 of the Dungeon
  4361 | D:5      | Gained mutation: Spells you cast may paralyse adjacent
                  | enemies. [demonic ancestry]
  4361 | D:5      | Reached XP level 8. HP: 58/58 MP: 14/14
  4778 | D:6      | Reached skill level 1 in Shields
  4872 | D:6      | Found a glowing drain.
  4887 | Sewer    | Entered a sewer
  4997 | Sewer    | Reached skill level 5 in Spellcasting
  5005 | Sewer    | Learned a level 4 spell: Sticky Flame
  5069 | Sewer    | Found a viscous altar of Jiyva.
  5466 | D:7      | Reached skill level 5 in Alchemy
  5781 | D:7      | Noticed Maurice
  5788 | D:7      | Killed Maurice
  5789 | D:7      | Reached XP level 9. HP: 67/67 MP: 14/17
  5822 | D:7      | Noticed Menkaure
  5828 | D:7      | Killed Menkaure
  5886 | D:7      | Reached skill level 6 in Spellcasting
  5929 | D:7      | Found a staircase to the Ecumenical Temple.
  5939 | Temple   | Entered the Ecumenical Temple
  6006 | Temple   | Became a worshipper of Vehumet
  6081 | D:7      | Reached skill level 5 in Fighting
  6499 | D:8      | Found a basalt altar of Yredelemnul.
  6508 | D:8      | Identified the +2 pair of boots of Understanding {Str+3
                  | Dex+3}
  6546 | D:8      | Found an opulent altar of Gozag.
  6795 | D:3      | Bought the ring of Nicwein {Fly rF+ MP+9 Dex+2} for 443
                  | gold pieces
  7336 | D:8      | Noticed Erica
  7343 | D:8      | Killed Erica
  7344 | D:8      | Reached skill level 5 in Stealth
  7577 | D:8      | Reached XP level 10. HP: 76/76 MP: 20/20
  7615 | D:8      | Found a hazy altar of Hepliaklqana.
  7771 | D:9      | Reached * piety under Vehumet
  7771 | D:9      | Offered knowledge of Sandblast by Vehumet.
  7900 | D:9      | Reached skill level 7 in Spellcasting
  8692 | D:10     | Entered Level 10 of the Dungeon
  8928 | D:10     | Reached ** piety under Vehumet
  8929 | D:10     | Reached skill level 8 in Spellcasting
  9060 | D:10     | Offered knowledge of Momentum Strike by Vehumet.
  9072 | D:10     | Learned a level 2 spell: Momentum Strike
  9405 | D:10     | Found an ornate altar of the Wu Jian Council.
  9530 | D:11     | Noticed a white ugly thing
  9670 | D:11     | Noticed a manticore
  9674 | D:11     | Killed a manticore
  9676 | D:11     | Offered knowledge of Hailstorm by Vehumet.
  9677 | D:11     | Gained mutation: Spells you cast may paralyse nearby
                  | enemies. [demonic ancestry]
  9677 | D:11     | Reached XP level 11. HP: 84/84 MP: 21/23
  9697 | D:11     | Learned a level 3 spell: Hailstorm
  9728 | D:11     | Reached *** piety under Vehumet
  9778 | D:11     | Killed a white ugly thing
  9846 | D:11     | Found a runed translucent gate.
  9846 | D:11     | Found a runed translucent gate.
  9846 | D:11     | Noticed VoidStrider's ghost (journeyman TeAE)
  9849 | D:11     | Found a runed translucent gate.
  9910 | D:11     | Reached skill level 9 in Spellcasting
 10019 | D:11     | You are sucked into a shaft and drop 1 floor!
 10138 | D:12     | Noticed a two-headed ogre
 10151 | D:12     | Killed a two-headed ogre
 10211 | D:12     | Offered knowledge of Frozen Ramparts by Vehumet.
 10221 | D:12     | Learned a level 3 spell: Frozen Ramparts
 10270 | D:12     | Found Kumulim's Weapon Boutique.
 10327 | D:12     | Noticed a two-headed ogre
 10341 | D:12     | Killed a two-headed ogre
 10478 | D:12     | Noticed a two-headed ogre
 10485 | D:12     | Killed a two-headed ogre
 10663 | D:11     | Found a staircase to the Orcish Mines.
 10670 | D:11     | Reached skill level 1 in Fire Magic
 10670 | D:11     | Reached **** piety under Vehumet
 10865 | D:11     | Found a staircase to the Lair.
 11042 | Lair:1   | Entered Level 1 of the Lair of Beasts
 11277 | Lair:1   | Reached XP level 12. HP: 94/94 MP: 25/25
 11375 | Lair:1   | Offered knowledge of Fireball by Vehumet.
 11629 | Lair:2   | Noticed a seven-headed hydra
 11631 | Lair:2   | Noticed a death yak
 11642 | Lair:2   | Killed a seven-headed hydra
 11643 | Lair:2   | Reached skill level 10 in Spellcasting
 11655 | Lair:2   | Killed a death yak
 11727 | Lair:2   | Reached skill level 1 in Ice Magic
 11747 | Lair:2   | Noticed a death yak
 11762 | Lair:2   | Killed a death yak
 11762 | Lair:2   | Noticed a death yak
 11773 | Lair:2   | Reached skill level 5 in Short Blades
 11778 | Lair:2   | Killed a death yak
 12572 | Lair:3   | Reached ***** piety under Vehumet
 12594 | Lair:3   | Offered knowledge of Eringya's Noxious Bog by Vehumet.
 12603 | Lair:3   | Gained mutation: You have a pair of small antennae on your
                  | head. [demonic ancestry]
 12603 | Lair:3   | Reached XP level 13. HP: 83/101 MP: 27/27
 12620 | Lair:3   | Learned a level 6 spell: Eringya's Noxious Bog
 12696 | Lair:3   | Found a staircase to the Snake Pit.
 12779 | Lair:3   | Reached skill level 5 in Dodging
 12873 | Lair:3   | Reached skill level 11 in Spellcasting
 12901 | Lair:3   | Noticed Gastronok
 12909 | Lair:3   | Killed Gastronok
 12910 | Lair:3   | Reached skill level 10 in Fighting
 13269 | Lair:3   | Found a staircase to the Swamp.
 13269 | Lair:3   | Noticed an eleionoma
 13692 | Lair:3   | Killed an eleionoma
 14072 | Lair:4   | Identified the +12 long sword of the Six Invaders {elec,
                  | rElec Stlth+}
 14093 | Lair:4   | Upgraded the game from 0.31.0-4-g52a2dc7128 to
                  | 0.31.0-7-gf635a9b802
 14309 | Lair:4   | Learned a level 4 spell: Ignite Poison
 14390 | Lair:4   | Reached skill level 1 in Long Blades
 14422 | Lair:4   | Reached skill level 10 in Alchemy
 14573 | Lair:4   | Found a staircase to the Slime Pits.
 14574 | Lair:4   | Found a viscous altar of Jiyva.
 14990 | Lair:5   | Entered Level 5 of the Lair of Beasts
 15061 | Lair:5   | Reached skill level 12 in Spellcasting
 15061 | Lair:5   | Reached XP level 14. HP: 109/111 MP: 30/30
 15460 | Lair:5   | Offered knowledge of Plasma Beam by Vehumet.
 16592 | Lair:5   | Identified the +5 shortbow "Zurezxia" {freeze, rF+ rN+
                  | Int+3}
 16609 | Lair:5   | Learned a level 5 spell: Alistair's Intoxication
 16908 | D:13     | Noticed Erolcha
 16913 | D:13     | Killed Erolcha
 17245 | D:13     | Noticed Kirke
 17258 | D:13     | Killed Kirke
 17318 | D:13     | Reached skill level 10 in Stealth
 17403 | Orc:1    | Entered Level 1 of the Orcish Mines
 17424 | Orc:1    | Learned a level 1 spell: Apportation
 17648 | Orc:2    | Entered Level 2 of the Orcish Mines
 17648 | Orc:2    | Noticed Josephine
 17654 | Orc:2    | Found a staircase to the Elven Halls.
 17822 | Orc:2    | Killed Josephine
 18558 | Orc:2    | Found Aleotur's Armour Shop.
 18585 | Orc:2    | Reached XP level 15. HP: 67/120 MP: 31/31
 18730 | Orc:2    | Offered knowledge of Arcjolt by Vehumet.
 18731 | Orc:2    | Reached skill level 13 in Spellcasting
 18802 | Orc:2    | Found Cuvaoser's Antique Armour Shop.
 18803 | Orc:2    | Found Ysoek's Magic Scroll Shoppe.
 18803 | Orc:2    | Found Penihag's Armour Shoppe.
 18829 | Orc:2    | Bought a scroll of teleportation for 54 gold pieces
 18829 | Orc:2    | Bought a scroll of identify for 36 gold pieces
 18829 | Orc:2    | Bought a scroll of identify for 36 gold pieces
 18829 | Orc:2    | Bought a scroll of identify for 36 gold pieces
 18829 | Orc:2    | Bought a scroll of revelation for 135 gold pieces
 18846 | Orc:2    | Bought a masterwork robe for 131 gold pieces
 18846 | Orc:2    | Identified the +1 robe of the Oni {-Tele rPois rC+++ Int-5}
                  | (You bought it in a shop on level 2 of the Orcish Mines)
 18846 | Orc:2    | Bought a glowing robe for 85 gold pieces
 20757 | D:15     | Entered Level 15 of the Dungeon
 21144 | D:15     | Found a broken altar of Ashenzari.
 21888 | D:15     | Found a staircase to the Depths.
 22139 | Snake:1  | Entered Level 1 of the Snake Pit
 22319 | Snake:1  | Found Kiwoawnebol's Antique Armour Shoppe.
 22322 | Snake:1  | Found Nusa's Antique Armour Emporium.
 22322 | Snake:1  | Found Lis Ecayce's Assorted Antiques.
 22325 | Snake:1  | Found Rojoniemp's Antique Weapon Emporium.
 22333 | Snake:1  | Bought an ichor-stained dagger for 224 gold pieces
 22333 | Snake:1  | Identified the +7 dagger of the Vaults {freeze, rN+} (You
                  | bought it in a shop on level 1 of the Snake Pit)
 22343 | Snake:1  | Bought a polished robe for 165 gold pieces
 22343 | Snake:1  | Identified the +0 robe "Ovoshruiska" {rPois} (You bought it
                  | in a shop on level 1 of the Snake Pit)
 22466 | Snake:1  | Reached skill level 5 in Long Blades
 22712 | Snake:1  | Killed from afar by a salamander tyrant

Illustrated notes

Levels and vault maps discovered:
D:1:      lemuel_arrival_cross, layout_loops_ring, minmay_bisected
D:2:      layout_basic, nicolae_ecumenical_lake_church
D:3:      layout_basic, nicolae_shop_unique_rings, uniq_ijyb
D:4:      layout_basic, gammafunk_ghost_split, uniq_duvessa
D:5:      layout_loops_cross
D:6:      layout_rooms, gup_sewer_entry_pipe, kennysheep_generic_room_16
D:7:      layout_gridville, minmay_temple_entry_proselytizer, dk_noncrumbling_4,
          kennysheep_generic_room_8, uniq_maurice, uniq_menkaure
D:8:      layout_loops_corners, nzn_hepliaklqana_mist_gate,
          mainiacjoe_overflow_catch_the_wave, minmay_holes, grunt_ministairs_14,
          minmay_crystal_water, grunt_decor_fettered, uniq_erica
D:9:      layout_basic, minmay_misc_feat_four_crosses, hex_medium,
          serial_bayou_pond_e
D:10:     layout_long_grid, nicolae_wu_jian_immortal_techniques
D:11:     layout_loops_ring, grunt_lair_entry_orc_guard_hut,
          kennysheep_orc_monster_closet_entryway, gammafunk_ghost_nasty_kobolds
D:12:     layout_roguey, serial_shops, nicolae_stop_n_shop_2
D:13:     minmay_slanted_spiral_squares, layout_loops_ring,
          grunt_vaults_entry_tiered, st_stairs_12, uniq_jorgrun, uniq_erolcha,
          uniq_kirke, uniq_sonja
D:14:     layout_stronghold, infiniplex_staircase_squiggle
D:15:     grunt_enter_depths_magical_seal, layout_irregular_city,
          evilmike_ruin_ashenzari
Temple:   regret_index_temple_chain_breaker
Lair:1:   layout_roguey, grunt_megastairs_2, lemuel_fruit_fields
Lair:2:   layout_loops_ring, grunt_megastairs_3
Lair:3:   layout_cave_pods, alex1729_swamp_entry_worm_eleionoma,
          alex1729_snake_entry_snake, grunt_megastairs_5, uniq_gastronok
Lair:4:   layout_regular_city, slime_entry_1, serial_bayou, serial_bayou_pond_c,
          serial_bayou_crossing, serial_bayou_ford_a, serial_bayou_pond_a,
          nicolae_lair_yak_garden
Lair:5:   due_jungle_book, layout_gridlike, infiniplex_staircase_pool,
          lemuel_fruit_tree
Snake:1:  cheibrodos_snake_lava_hold, layout_misc_corridors,
          grunt_ministairs_14, minmay_shoptagon, serial_bayou_shore_a
Orc:1:    layout_caves
Orc:2:    st_orc_elflike, layout_caves, uniq_josephine

Skill      XL: |  1  2  3  4  5  6  7  8  9 10 11 12 13 14 15 |
---------------+----------------------------------------------+-----
Fighting       | 1 2 3 4 6 7 8 9 10 11 12 | 12.5
Stealth        | 2 3 5 7 8 9 10 | 10.0
Dodging        | 2 3 4 5 7 8 |  8.5
Alchemy        | 4 5 6 7 8 9 10 11 12 | 12.1
Spellcasting   | 3 4 5 6 8 9 10 12 13 | 13.9
Short Blades   | 1 3 4 5 |  5.7
Conjurations   | 2 3 4 |  4.4
Armour         | 1 2 |  2.4
Air Magic      | 1 2 3 4 |  4.3
Shields        | 1 2 |  2.6
Fire Magic     | 1 3 |  3.8
Ice Magic      | 2 3 4 |  4.2
Long Blades    | 2 3 5 |  5.3
Evocations     | |  0.4

Action                     |  1- 3 |  4- 6 |  7- 9 | 10-12 | 13-15 || total
---------------------------+-------+-------+-------+-------+-------++-------
  Melee: Dagger            |    51 |    28 |   233 |   282 |   141 ||   735
         Short sword       |     2 |    79 |       |       |       ||    81
         Punch             |     1 |     1 |     2 |       |     6 ||    10
         Long sword        |       |       |       |       |   170 ||   170
   Cast: Sting             |    27 |    31 |    66 |    45 |    29 ||   198
         Mercury Vapours   |     8 |    14 |    27 |    15 |    19 ||    83
         Mephitic Cloud    |     1 |     5 |     8 |    20 |     1 ||    35
         Olgreb's Toxic Ra |       |       |     4 |    44 |    72 ||   120
         Sticky Flame      |       |       |       |    16 |    48 ||    64
         Hailstorm         |       |       |       |    11 |     7 ||    18
         Frozen Ramparts   |       |       |       |    23 |    49 ||    72
         Momentum Strike   |       |       |       |     2 |     1 ||     3
         Eringya's Noxious |       |       |       |       |    62 ||    62
         Ignite Poison     |       |       |       |       |    54 ||    54
         Alistair's Intoxi |       |       |       |       |     9 ||     9
  Evoke: Wand              |       |       |     2 |     2 |       ||     4
    Use: Scroll            |     3 |     5 |    10 |     6 |    13 ||    37
         Potion            |       |     1 |     2 |       |     1 ||     4
   Stab: Confused          |       |     5 |     2 |     5 |       ||    12
         Sleeping          |       |       |    12 |     8 |    16 ||    36
         Paralysed         |       |       |    15 |    51 |    56 ||   122
 Armour: Robe              |    22 |    22 |       |       |   204 ||   248
         Leather armour    |       |    39 |   100 |    34 |       ||   173
         Steam dragon scal |       |       |       |   130 |    68 ||   198
  Dodge: Dodged            |    33 |    55 |   101 |   131 |   234 ||   554
  Block: Other             |     7 |    14 |    39 |    39 |    50 ||   149
